 Dungeon Crawl Stone Soup version 0.22-b1-26-g9dbaab1 (webtiles) character file.

14291 troglodite the Blocker (level 11, -13/129 HPs)
             Began as a Demonspawn Berserker on Aug 6, 2018.
             Was a High Priest of Trog.
             Mangled by a very large slime creature (28 damage)
             ... on level 11 of the Dungeon.
             The game lasted 00:36:09 (12099 turns).

troglodite the Blocker (Demonspawn Berserker)      Turns: 12099, Time: 00:36:10

Health: -13/129    AC: 25    Str: 25    XL:     11   Next: 86%
Magic:  0/11       EV:  9    Int: 10    God:    Trog [*****.]
Gold:   826        SH: 20    Dex: 15    Spells: 10/10 levels left

rFire    . . .     SeeInvis +   q - +2 scimitar (slice)
rCold    + . .     Gourm    +   h - +2 large shield
rNeg     + . .     Faith    .   K - +7 chain mail {MR+}
rPois    .         Spirit   +   (helmet restricted)
rElec    .         Reflect  .   N - +1 cloak
rCorr    .         Harm     .   E - +2 pair of gloves
MR       +....                  f - +0 pair of boots
Stlth    ..........             H - amulet of the gourmand
HPRegen  0.31/turn              L - ring "Yfecwa" {rN+ SInv}
MPRegen  0.24/turn              y - +3 ring of strength

@: berserking (expiring), very quick
A: horns 1, cold resistance 1, magic shield, magic regeneration, freezing cloud
immunity
a: Berserk, Trog's Hand, Brothers in Arms, Renounce Religion


You were on level 11 of the Dungeon.
You worshipped Trog.
Trog was extremely pleased with you.
You were very full.

You visited 1 branch of the dungeon, and saw 12 of its levels.

You collected 826 gold pieces.

Inventory:

Hand Weapons
 q - a +2 scimitar of slicing (weapon)
 I - a +2 long sword
Armour
 f - a +0 pair of boots (worn)
 h - a +2 large shield (worn)
 E - a +2 pair of gloves (worn)
 K - a +7 chain mail of magic resistance (worn)
 N - a +1 cloak (worn)
Jewellery
 l - an uncursed ring of ice
 t - an uncursed amulet of guardian spirit {unknown}
 y - a +3 ring of strength (right hand)
 H - an amulet of the gourmand (around neck)
 L - the ring "Yfecwa" (left hand) {rN+ SInv}
   (You found it on level 8 of the Dungeon)

   [ring of see invisible]

   It protects you from negative energy.
   It lets you see invisible.
Wands
 a - a wand of flame (35)
 j - a wand of enslavement (8)
 k - a wand of clouds (5)
 u - a wand of polymorph (20)
 z - a wand of iceblast (7)
 A - a wand of disintegration (12)
 G - a wand of random effects (42)
Scrolls
 n - 2 scrolls of noise {unknown}
 o - a scroll of immolation {unknown}
 p - 6 scrolls of remove curse
 r - 2 scrolls of teleportation
 s - 2 scrolls of fear
 v - 4 scrolls of magic mapping {unknown}
 w - 3 scrolls of enchant weapon {unknown}
 D - a scroll of vulnerability {unknown}
 J - a scroll of identify
Potions
 d - a potion of brilliance
 e - a potion of invisibility
 g - 2 potions of resistance
 i - a potion of berserk rage
 m - 10 potions of curing
 x - 2 potions of haste
 B - a potion of ambrosia
 C - a potion of magic
 F - a potion of flight
 M - a potion of heal wounds
Comestibles
 c - 18 rations


   Skills:
 * Level 8.2 Fighting
 + Level 7.6 Long Blades
 * Level 8.0 Armour
 * Level 6.9 Dodging
 + Level 1.5 Stealth
 * Level 10.4 Shields
 + Level 0.3 Unarmed Combat


You had 10 spell levels left.
You didn't know any spells.
Your spell library was empty.

Dungeon Overview and Level Annotations

Branches:
Dungeon (12/15)            Temple (0/1) D:7            Lair (0/6) D:9
    Orc (0/2) D:9

Altars:
Cheibriados
Kikubaaqudgha
Nemelex Xobeh
Qazlal
Ru
Trog
Uskayaw
Vehumet
Wu Jian
Yredelemnul

Shops:
D:4 *   D:5 %   D:6 ?   D:7 *   D:8 [   D:9 (=


Innate Abilities, Weirdness & Mutations

You have a pair of small horns on your head.
Your flesh is cold resistant. (rC+)
When hurt, damage is shared between your health and your magic reserves.
You regenerate magic rapidly.
You are immune to freezing clouds.


Message History

Two slime creatures merge to form a very large slime creature.
You slice the very large slime creature!!
You headbutt the very large slime creature!
The very large slime creature is heavily wounded.
You barely miss the very large slime creature.
Your headbutt misses the very large slime creature.
The very large slime creature is heavily wounded.
The very large slime creature hits you!!
Your shield prevents you from hitting the very large slime creature.
You headbutt the very large slime creature!
The very large slime creature is heavily wounded.
You hit the very large slime creature.
You headbutt the very large slime creature!
The very large slime creature is severely wounded.
The very large slime creature hits you!!!
* * * LOW HITPOINT WARNING * * *
Your shield prevents you from hitting the very large slime creature.
The very large slime creature is severely wounded.
The very large slime creature hits you!!
You die...

## #........# # #........#
#### #........# ...#
##........# #..#
#.........# #..#
#.........#
##.###.........#
##.............###
...............J@#
###..##.#......### #######
.###.##.######.# #.....#
.###.##.# #.# #.###.####
.'.#.##.######.#
#.#.....<#
.#.#.##...[....#
#.#.#.####
.#.#.##........### #.#.#.#
.#.#.##........).###.#...#
.#.#.##..........'....####


You could see a very large slime creature.

Vanquished Creatures
  Erolcha (D:11)
  2 two-headed ogres (D:8)
  The ghost of dvd the Cudgeler, a novice TrHu of Okawaru (D:7)
  Pikel (D:6)
  An ugly thing (D:12)
  Joseph (D:7)
  Maurice (D:11)
  A gargoyle (D:10)
  2 polar bears (D:10)
  Prince Ribbit (D:6)
  2 hippogriffs
  Sigmund (D:2)
  14 yaks
  A wyvern (D:11)
  A human (D:10)
  A vampire (D:11)
  Grum (D:8)
  3 hungry ghosts
  Duvessa (D:4)
  6 orc warriors
  3 sky beasts
  An eye of draining (D:10)
  A phantom (D:8)
  3 wolves (D:8)
  An ogre (D:4)
  6 centaurs
  2 big kobolds
  4 bullfrogs
  Dowan (D:4)
  A water moccasin zombie (D:9)
  7 scorpions
  11 killer bees
  7 wights
  5 crimson imps
  2 bullfrog zombies
  A quasit (D:9)
  3 jellies
  A centaur skeleton (D:5)
  7 orc priests
  5 hounds
  14 orc wizards
  2 iguanas
  6 worker ants
  Terence (D:2)
  A killer bee zombie (D:6)
  A hound zombie (D:8)
  A hound skeleton (D:10)
  A worker ant zombie (D:11)
  7 gnolls (D:5)
  9 adders
  A shadow imp (D:6)
  A worm (D:2)
  8 leopard geckos
  35 orcs
  5 bats
  2 giant cockroaches
  10 goblins
  5 hobgoblins
  9 jackals
  17 kobolds
  9 frilled lizards
  A leopard gecko skeleton (D:5)
  6 rats
267 creatures vanquished.

Vanquished Creatures (collateral kills)
  Harold (D:8)
1 creature vanquished.

Vanquished Creatures (others)
  A wyvern zombie (D:6)
  4 toadstools (D:1)
5 creatures vanquished.

Grand Total: 273 creatures vanquished

Notes
Turn   | Place    | Note
-------+----------+-------------------------------------------
     0 | D:1      | troglodite the Demonspawn Berserker began the quest for the Orb.
     0 | D:1      | Reached XP level 1. HP: 18/18 MP: 1/1
   389 | D:1      | Gained mutation: You have a pair of small horns on your head. [demonic ancestry]
   389 | D:1      | Reached XP level 2. HP: 19/24 MP: 2/2
  1360 | D:2      | Reached XP level 3. HP: 29/29 MP: 3/3
  1459 | D:2      | Noticed Sigmund
  1466 | D:2      | Killed Sigmund
  1466 | D:2      | Reached skill level 1 in Shields
  1466 | D:2      | Reached XP level 4. HP: 37/37 MP: 4/4
  1466 | D:2      | Reached XP level 5. HP: 42/42 MP: 5/5
  1554 | D:2      | Noticed a dagger
  1555 | D:2      | Noticed a dagger
  1576 | D:2      | Found a hide-covered altar of Uskayaw.
  1616 | D:2      | Found a bloodstained altar of Trog.
  1702 | D:2      | Noticed Terence
  1714 | D:2      | Killed Terence
  1842 | D:2      | Found an ancient bone altar of Kikubaaqudgha.
  2045 | D:2      | You fall through a shaft for 2 floors!
  2099 | D:4      | Reached ** piety under Trog
  2114 | D:4      | Reached XP level 6. HP: 42/48 MP: 6/6
  2255 | D:3      | Found a snail-covered altar of Cheibriados.
  2256 | D:3      | Found an ornate altar of the Wu Jian Council.
  2268 | D:3      | Reached skill level 2 in Shields
  2517 | D:3      | Found a sacrificial altar of Ru.
  2998 | D:4      | Found Rizept's Retail Resort.
  3246 | D:4      | Noticed Dowan
  3248 | D:4      | Noticed Duvessa
  3257 | D:4      | Killed Duvessa
  3261 | D:4      | Killed Dowan
  3261 | D:4      | Reached skill level 3 in Shields
  3261 | D:4      | Gained mutation: When hurt, damage is shared between your health and your magic reserves. [demonic ancestry]
  3261 | D:4      | Reached XP level 7. HP: 55/55 MP: 7/7
  3613 | D:5      | Entered Level 5 of the Dungeon
  3775 | D:5      | Reached *** piety under Trog
  4182 | D:5      | Found Zuif Deutor's Food Boutique.
  4252 | D:5      | Found a sparkling altar of Nemelex Xobeh.
  4624 | D:6      | Reached skill level 4 in Shields
  4686 | D:6      | Gained mutation: Your flesh is cold resistant. (rC+) [demonic ancestry]
  4686 | D:6      | Reached XP level 8. HP: 47/61 MP: 8/8
  4854 | D:6      | Reached skill level 5 in Fighting
  4920 | D:6      | Noticed Pikel
  4936 | D:6      | Killed Pikel
  4936 | D:6      | Reached skill level 5 in Long Blades
  4936 | D:6      | Reached skill level 5 in Shields
  5078 | D:6      | Found Cuip's Magic Scroll Boutique.
  5148 | D:6      | Noticed Prince Ribbit
  5163 | D:6      | Killed Prince Ribbit
  5163 | D:6      | Reached skill level 5 in Armour
  5273 | D:6      | Found a radiant altar of Vehumet.
  5273 | D:6      | Found a basalt altar of Yredelemnul.
  5278 | D:6      | Found a faded altar of an unknown god.
  5280 | D:6      | Found a faded altar of an unknown god.
  5282 | D:6      | Found a stormy altar of Qazlal.
  5496 | D:7      | Found a staircase to the Ecumenical Temple.
  5496 | D:7      | Noticed Joseph
  5504 | D:7      | Gained mutation: You regenerate magic rapidly. [demonic ancestry]
  5504 | D:7      | Reached XP level 9. HP: 69/69 MP: 6/9
  5512 | D:7      | Killed Joseph
  5929 | D:7      | Reached skill level 6 in Shields
  6194 | D:7      | Reached skill level 5 in Dodging
  6235 | D:7      | Noticed dvd's ghost (novice TrHu)
  6236 | D:7      | Found a runed door.
  6278 | D:7      | Killed dvd's ghost
  6562 | D:7      | Reached skill level 7 in Shields
  6595 | D:7      | Reached skill level 1 in Stealth
  6707 | D:7      | Found Gulos's Assorted Antiques.
  7187 | D:7      | Found a bloodstained altar of Trog.
  7353 | D:8      | Noticed a two-headed ogre
  7361 | D:8      | Killed a two-headed ogre
  7361 | D:8      | Reached XP level 10. HP: 77/77 MP: 10/10
  7405 | D:8      | Noticed Grum
  7446 | D:8      | Noticed a two-headed ogre
  7447 | D:8      | Killed Grum
  7659 | D:8      | Killed a two-headed ogre
  7702 | D:8      | Reached skill level 8 in Shields
  7786 | D:8      | Reached **** piety under Trog
  8087 | D:8      | Noticed Harold
  8119 | D:8      | Killed Harold
  8450 | D:8      | Found Sokusoso's Antique Armour Boutique.
  8477 | D:8      | Got a twitching jade ring
  8644 | D:9      | Found Seeqaph's Jewellery Shoppe.
  8837 | D:9      | Found Ahop's Weapon Shop.
  9083 | D:9      | Reached skill level 9 in Shields
  9278 | D:8      | Identified the ring "Yfecwa" {rN+ SInv} (You found it on level 8 of the Dungeon)
  9370 | D:9      | Received a gift from Trog
  9370 | D:9      | Gained mutation: You are immune to freezing clouds. [demonic ancestry]
  9370 | D:9      | Reached XP level 11. HP: 84/84 MP: 11/11
  9538 | D:9      | Found a staircase to the Orcish Mines.
  9620 | D:9      | Found a staircase to the Lair.
  9752 | D:10     | Entered Level 10 of the Dungeon
  9780 | D:10     | Found a bloodstained altar of Trog.
 10230 | D:10     | Reached ***** piety under Trog
 10364 | D:10     | Found an ancient bone altar of Kikubaaqudgha.
 10847 | D:11     | Noticed Erolcha
 10858 | D:11     | Killed Erolcha
 11016 | D:11     | Reached skill level 10 in Shields
 11055 | D:11     | Noticed Maurice
 11070 | D:11     | Killed Maurice
 11835 | D:12     | Noticed a purple ugly thing
 11847 | D:12     | Killed a purple ugly thing
 12099 | D:11     | Mangled by a very large slime creature

Skill      XL: |  1  2  3  4  5  6  7  8  9 10 11 |
---------------+----------------------------------+-----
Armour         | 2 3 5 6 7 8 |  8.0
Dodging        | 2 3 4 5 6 |  6.9
Long Blades    | 3 4 5 6 7 |  7.6
Fighting       | 4 5 6 7 8 |  8.2
Shields        | 1 3 4 5 7 9 10 | 10.4
Stealth        | 1 |  1.5
Unarmed Combat | |  0.3

Action                   |  1- 3 |  4- 6 |  7- 9 | 10-12 || total
-------------------------+-------+-------+-------+-------++-------
Melee: Falchion          |    83 |   145 |   445 |   149 ||   822
       Headbutt          |     9 |    36 |    93 |   161 ||   299
       Unarmed           |       |     1 |       |       ||     1
       Long sword        |       |       |       |   330 ||   330
       Scimitar          |       |       |       |   152 ||   152
Invok: Berserk           |     1 |     4 |     9 |    18 ||    32
       Brothers in Arms  |       |       |       |     1 ||     1
  Use: Scroll            |       |       |     8 |    13 ||    21
       Potion            |       |       |       |     2 ||     2
 Stab: Distracted        |       |       |     1 |       ||     1
  Eat: Chunk             |     2 |     9 |    13 |    58 ||    82
       Ration            |       |       |     5 |     1 ||     6
Armor: Animal skin       |    13 |       |       |       ||    13
       Ring mail         |     1 |     3 |       |       ||     4
       Chain mail        |       |    60 |   170 |   280 ||   510
Dodge: Dodged            |    42 |    15 |    72 |   136 ||   265
Block: Large shield      |    18 |   103 |   450 |   697 ||  1268
       Rpst.: Falchion   |     8 |     2 |    19 |     9 ||    38
       Long sword        |       |       |       |    12 ||    12
       Scimitar          |       |       |       |    10 ||    10
